 Dungeon Crawl Stone Soup version 0.22.1-5-g62c59d9 (webtiles) character file.

273 wyoknott the Shield-Bearer (level 6, -39/52 HPs)
             Began as a Minotaur Fighter on Jan 14, 2019.
             Killed from afar by an orc priest (40 damage)
             ... with an exploding inner flame
             ... hexed by the player character
             ... on level 5 of the Dungeon.
             The game lasted 00:08:43 (2800 turns).

wyoknott the Shield-Bearer (Minotaur Fighter)       Turns: 2800, Time: 00:08:46

Health: -39/52     AC: 15    Str: 23    XL:     6   Next: 3%
Magic:  0/5        EV:  8    Int:  5    God:
Gold:   153        SH: 11    Dex:  9    Spells: 5/5 levels left

rFire    . . .     SeeInvis .   g - +1 dagger (protect)
rCold    . . .     Gourm    .   c - +1 shield
rNeg     . . .     Faith    .   b - +0 scale mail
rPois    .         Spirit   +   (helmet restricted)
rElec    .         Reflect  .   (no cloak)
rCorr    .         Harm     .   (no gloves)
MR       .....     Rnd*Tele +   j - +0 pair of boots
Stlth    ..........             i - amulet of guardian spirit
HPRegen  0.17/turn              m - ring of teleportation (curse)
MPRegen  0.09/turn              (no ring)

@: protection aura
A: retaliatory headbutt, horns 2
a: no special abilities


You were on level 5 of the Dungeon.
You were not hungry.

You visited 1 branch of the dungeon, and saw 5 of its levels.

You collected 153 gold pieces.

Inventory:

Hand Weapons
 a - a +0 war axe
 g - a +1 dagger of protection (weapon)
Missiles
 x - 3 steel tomahawks (quivered)
Armour
 b - a +0 scale mail (worn)
 c - a +1 shield (worn)
 j - a +0 pair of boots (worn)
Jewellery
 i - an amulet of guardian spirit (around neck)
 m - a cursed ring of teleportation (left hand)
Scrolls
 e - a scroll of enchant armour
 k - 4 scrolls of teleportation
 o - 2 scrolls of magic mapping
 q - a scroll of fear {unknown}
 r - a scroll of remove curse {unknown}
 t - a scroll of fog {unknown}
 v - a scroll of identify
Potions
 d - 2 potions of might
 h - a potion of flight
 n - 2 potions of haste
 p - 2 potions of curing
 s - 2 potions of agility
 u - a potion of heal wounds {unknown}
 w - a potion of ambrosia {unknown}
Comestibles
 f - 7 rations


   Skills:
 + Level 4.2 Fighting
 + Level 2.0 Short Blades
 + Level 3.6 Axes
 + Level 5.2 Armour
 + Level 1.2 Dodging
 + Level 0.2 Stealth
 + Level 5.3 Shields


You had 5 spell levels left.
You didn't know any spells.
Your spell library was empty.

Dungeon Overview and Level Annotations

Branches:
Dungeon (5/15)
 Temple: D:4-7

Altars:
Fedhas


Innate Abilities, Weirdness & Mutations

You reflexively headbutt those who attack you in melee.
You have a pair of horns on your head.


Message History

* * * LOW HITPOINT WARNING * * *
The jackal bites you but does no damage.
You block the crimson imp's attack.
The orc priest calls down the wrath of Beogh upon you.
Pain shoots through your body!
* * * LOW HITPOINT WARNING * * *
As you read the scroll of immolation, it crumbles to dust.
The creatures around you are filled with an inner flame!
You block the hound's attack.
The jackal bites you but does no damage. x2
You block the orc's attack. The crimson imp barely misses you.
You furiously retaliate!
You headbutt the crimson imp!
The crimson imp explodes!
The fiery explosion engulfs the jackal.
The jackal explodes!
The fiery explosion engulfs the orc priest.
The orc priest explodes!
The fiery explosion engulfs you!
Ouch! That really hurt!
You die...

#######
###.....#
#.§hh<..+
#..§@o..#
+.§§§####
#..§h#
.....l.
##......
#.####.#
#[ .. .
..


You could see a hound (inner flame), an orc (inner flame), a leopard gecko
(inner flame) and 2 jackals.

Vanquished Creatures
  A crimson imp (D:5)
  A hound (D:4)
  An orc wizard (D:5)
  A worker ant (D:4)
  5 adders
  An ooze (D:1)
  A worm (D:3)
  11 dart slugs
  5 orcs
  2 ball pythons
  11 bats
  3 giant cockroaches
  8 goblins
  10 hobgoblins
  6 jackals
  9 frilled lizards
  6 kobolds
  2 rats
84 creatures vanquished.

Notes
Turn   | Place    | Note
-------+----------+-------------------------------------------
     0 | D:1      | wyoknott the Minotaur Fighter began the quest for the Orb.
     0 | D:1      | Reached XP level 1. HP: 19/19 MP: 0/0
    22 | D:1      | Reached XP level 2. HP: 27/27 MP: 1/1
   412 | D:1      | Reached XP level 3. HP: 33/33 MP: 2/2
   977 | D:2      | Found a blossoming altar of Fedhas.
  1234 | D:2      | Reached XP level 4. HP: 40/40 MP: 3/3
  1769 | D:3      | Reached skill level 1 in Short Blades
  2274 | D:4      | Reached XP level 5. HP: 46/46 MP: 4/4
  2620 | D:4      | Reached skill level 5 in Armour
  2747 | D:4      | Reached skill level 5 in Shields
  2775 | D:5      | Entered Level 5 of the Dungeon
  2796 | D:5      | Reached skill level 1 in Dodging
  2796 | D:5      | Reached XP level 6. HP: 21/52 MP: 2/5
  2799 | D:5      | HP: 1/52 [orc priest/nerve-wracking pain (8)]
  2800 | D:5      | Killed from afar by an orc priest

Skill      XL: |  1  2  3  4  5 |
---------------+----------------+-----
Shields        | 4 5 |  5.3
Armour         | 4 5 |  5.2
Fighting       | 4 |  4.2
Axes           | 3 |  3.6
Short Blades   | 1 2 |  2.0
Dodging        | 1 |  1.2
Stealth        | |  0.2

Action                   |  1- 3 |  4- 6 || total
-------------------------+-------+-------++-------
Melee: War axe           |    66 |       ||    66
       Headbutt          |     9 |    23 ||    32
       Dagger            |    25 |   163 ||   188
  Use: Scroll            |     7 |     3 ||    10
  Eat: Ration            |     1 |     1 ||     2
Armor: Scale mail        |    57 |   103 ||   160
Dodge: Dodged            |    29 |    73 ||   102
Block: Shield            |    63 |   131 ||   194
